 Dungeon Crawl Stone Soup version 0.19.5 (webtiles) character file.

22244 IjonTichy1 the Destroyer (level 12, 0/100 HPs)
             Began as a Demigod Conjurer on Apr 13, 2017.
             Slain by an orc warrior
             ... wielding a +0 trident
             ... led by an orc warlord
              (27 damage)
             ... on level 1 of the Orcish Mines.
             The game lasted 00:47:49 (19965 turns).

IjonTichy1 the Destroyer (Demigod Conjurer)        Turns: 19965, Time: 00:47:49

Health: 0/100      AC: 10    Str: 11    XL:     12   Next: 30%
Magic:  3/29       EV: 19    Int: 28    God:
Gold:   717        SH:  7    Dex: 24    Spells: 6 memorised, 15 levels left

rFire  + . .     SeeInvis .     F - +9 war axe of Teilu {protect, Str-3 Dex+5 Stlth+}
rCold  + + +     Gourm    .     Z - +1 robe of Petac {rF+ rC++ Str+3 Dex-5} (curse)
rNeg   . . .     Faith    .     I - +0 buckler
rPois  +         Spirit   .     (no helmet)
rElec  .         Reflect  .     G - +2 cloak {rPois}
rCorr  .         Harm     .     L - +2 pair of gloves
MR     +....                    T - +0 pair of boots of the Equinox {rC+ Int-5 Dex+8}
Stlth  +++.......               t - amulet of magic regeneration
                                (no ring)
                                r - +6 ring of intelligence

@: no status effects
A: high mp 1
a: no special abilities


You were on level 1 of the Orcish Mines.
You were not hungry.

You visited 2 branches of the dungeon, and saw 14 of its levels.

You collected 974 gold pieces.
You spent 257 gold pieces at shops.

Inventory:

Hand Weapons
 y - a +1 dagger of protection
 C - a +3 whip of venom
 F - the +9 war axe of Teilu (weapon) {protect, Str-3 Dex+5 Stlth+}
   (You took it off a centaur on level 8 of the Dungeon)

   It protects the one who uses it against injury (+AC on strike).
   It affects your strength (-3).
   It affects your dexterity (+5).
   It makes you more stealthy.
 H - a +4 scimitar of flaming
 K - a +1 dagger of distortion
Armour
 G - a +2 cloak of poison resistance (worn)
 I - a +0 buckler (worn)
 J - a +1 pair of boots
 L - a +2 pair of gloves (worn)
 T - the +0 pair of boots of the Equinox (worn) {rC+ Int-5 Dex+8}
   (You acquired it on level 11 of the Dungeon)

   It affects your intelligence (-5).
   It affects your dexterity (+8).
   It protects you from cold.
 Z - the cursed +1 robe of Petac (worn) {rF+ rC++ Str+3 Dex-5}
   (You found it on level 13 of the Dungeon)

   It affects your strength (+3).
   It affects your dexterity (-5).
   It protects you from fire.
   It greatly protects you from cold.
   It has a curse placed upon it.
Jewellery
 h - an uncursed ring of protection from cold
 r - a +6 ring of intelligence (left hand)
 t - an amulet of magic regeneration (around neck)
Wands
 d - a wand of iceblast (0/15)
 j - a wand of polymorph (9/24)
 p - a wand of flame (11/48)
 v - a wand of paralysis (8/24)
 A - a wand of confusion (30/48)
 N - a wand of flame (26/48)
 O - a wand of lightning (6/15)
 R - a wand of lightning (10/15)
 V - a wand of flame (21/48)
 Y - a wand of random effects (18/48)
Scrolls
 e - a scroll of recharging
 k - 3 scrolls of amnesia
 n - a scroll of blinking
 o - 2 scrolls of enchant weapon
 w - 7 scrolls of identify
 D - 4 scrolls of magic mapping
 E - a scroll of teleportation
 M - a scroll of remove curse
Potions
 a - 2 potions of agility
 i - 4 potions of degeneration
 l - 6 potions of magic
 m - 5 potions of flight
 q - a potion of cure mutation
 u - 2 potions of resistance
 z - 2 potions of ambrosia
 Q - a potion of haste
Books
 b - a book of Conjurations

   Spells                             Type                      Level
   a - Magic Dart                     Conjuration                  1
   b - Searing Ray                    Conjuration                  2
   c - Dazzling Spray                 Conjuration/Hexes            3
   d - Fulminant Prism                Conjuration/Hexes            4
   e - Iskenderun's Mystic Blast      Conjuration                  4
   f - Iskenderun's Battlesphere      Conjuration/Charms           5
 B - a book of Necromancy

   Spells                             Type                      Level
   a - Pain                           Necromancy                   1
   b - Animate Skeleton               Necromancy                   1
   c - Vampiric Draining              Necromancy                   3
   d - Regeneration                   Charms/Necromancy            3
   e - Animate Dead                   Necromancy                   4
   f - Control Undead                 Necromancy                   4
 P - a book of Cantrips

   Spells                             Type                      Level
   a - Confusing Touch                Hexes                        1
   b - Animate Skeleton               Necromancy                   1
   c - Summon Small Mammal            Summoning                    1
   d - Apportation                    Translocation                1
 X - a book of Battle

   Spells                             Type                      Level
   a - Infusion                       Charms                       1
   b - Shroud of Golubria             Charms/Translocation         2
   c - Song of Slaying                Charms                       2
   d - Spectral Weapon                Hexes/Charms                 3
   e - Regeneration                   Charms/Necromancy            3
Miscellaneous
 U - a phantom mirror
Comestibles
 c - 10 bread rations
 f - 10 beef jerkies
 g - 2 chunks of flesh
 s - 24 fruits
 x - 6 meat rations
 W - a royal jelly


   Skills:
 + Level 7.3 Fighting
 + Level 7.4 Axes
 + Level 7.5 Dodging
 - Level 1.7 Stealth
 - Level 6.0 Shields
 - Level 9.1 Spellcasting
 - Level 10.3 Conjurations


You had 15 spell levels left.
You knew the following spells:

 Your Spells              Type           Power        Failure   Level  Hunger
a - Magic Dart            Conj           ####         1%          1    None
b - Searing Ray           Conj           ######       1%          2    None
c - Dazzling Spray        Conj/Hex       #####.       1%          3    None
d - Iskenderun's Mystic   Conj           ######..     1%          4    None
e - Regeneration          Chrm/Necr      ##........   14%         3    None
f - Apportation           Tloc           ##........   6%          1    None


Dungeon Overview and Level Annotations

Branches:
Dungeon (13/15)            Temple (0/1) D:7            Lair (0/6) D:9
    Orc (1/2) D:10
 Vaults: D:13-14

Shops:
D:7 *   D:8 [   D:9 [(!*%   D:10 ?


Innate Abilities, Weirdness & Mutations

You have an increased reservoir of magic. (+10% MP)


Message History

Press: ? - help, Shift-Dir - straight line, f/p - orc warlord
Aim: an orc warlord, wielding an arbalest and wearing a plate armour (almost dead) Nothing appears to happen.
The orc warrior shouts!
The orc warrior hits you from afar with a trident!
* * * LOW HITPOINT WARNING * * *
The orc warrior moves out of view.
Evoke which item? (* to show all) (? for menu, Esc to quit)
Zapping:
O - a wand of lightning (will waste charges)
Press: ? - help, Shift-Dir - straight line, f/p - orc warlord
Aim: an orc warlord, wielding an arbalest and wearing a plate armour (almost dead)
You hear a mighty clap of thunder!
The bolt of lightning hits the warg.
The warg is almost dead.
The bolt of lightning hits the orc warlord.
The orc warlord is almost dead.
Evoking this partially-identified wand wasted a few charges.
You hear a shout! x4
The orc warrior hits you from afar with a trident!!
You die...

....##.#†..###.#.###
...##...)).##......##
....##.))...##......#
........)..........#####
................##.....#
.##.....)......###......
##.....#.#..#..##......#
....#.......#...#....#
....#.....#.#...@..#
...#####..#####...##.##
.### #...#.#.#..ho...#.
## ##.#......#....... .#
####....##..o)..# ##
#....## ##)...# #
##....##..)#..#
#.......$.#...
##.#.....##


You could see an orc warlord, a warg and an orc warrior.

Vanquished Creatures
  A yaktaur captain (D:9)
  Erica (D:8)
  An unseen horror (D:10)
  3 hill giants (D:13)
  2 ugly things
  A manticore (D:13)
  Maurice (D:8)
  A gargoyle (D:10)
  A centaur zombie (D:13)
  Psyche (D:10)
  A yaktaur (D:13)
  A freezing wraith (D:12)
  5 trolls
  A harpy zombie (D:12)
  2 two-headed ogres
  7 slime creatures
  3 hippogriffs
  2 shadows
  18 yaks
  2 hungry ghosts
  Menkaure (D:4)
  3 wargs (Orc:1)
  2 ice beasts
  17 orc warriors
  7 sky beasts
  An eye of draining (D:12)
  4 centaurs
  A necrophage (D:8)
  8 ogres
  A wyvern zombie (D:10)
  A big kobold (D:13)
  8 bullfrogs
  A gnoll sergeant (D:4)
  3 scorpions
  10 killer bees
  16 wights
  A howler monkey (D:10)
  The ghost of Juudaz the Skirmisher, a weakling GrMo (D:3)
  11 crimson imps
  A bullfrog zombie (D:13)
  A quasit (D:11)
  12 hounds
  3 centaur skeletons
  14 orc priests
  3 jellies
  A bullfrog skeleton (D:5)
  Terence (D:2)
  7 iguanas
  15 orc wizards
  12 worker ants
  A killer bee zombie (D:5)
  2 hound zombies
  A howler monkey zombie (D:9)
  2 worker ant zombies
  4 gnolls (D:4)
  A howler monkey skeleton (D:7)
  17 adders
  4 shadow imps
  An adder zombie (D:8)
  2 oozes
  3 worms
  6 dart slugs
  6 leopard geckos
  73 orcs
  7 bats
  9 giant cockroaches
  12 goblins
  10 hobgoblins
  16 jackals
  10 kobolds
  5 quokkas
  2 ball pythons
  5 frilled lizards
  2 quokka skeletons
  A quokka zombie (D:8)
  6 rats
430 creatures vanquished.

Vanquished Creatures (others)
  An orc (D:13)
  A plant (D:13)
2 creatures vanquished.

Grand Total: 432 creatures vanquished

Notes
Turn   | Place    | Note
-------+----------+-------------------------------------------
     0 | D:1      | IjonTichy1 the Demigod Conjurer began the quest for the Orb.
     0 | D:1      | Reached XP level 1. HP: 14/14 MP: 5/5
   206 | D:1      | Reached XP level 2. HP: 20/20 MP: 5/7
   241 | D:1      | Learned a level 2 spell: Searing Ray
   361 | D:1      | Reached skill level 4 in Conjurations
   714 | D:1      | Reached XP level 3. HP: 26/26 MP: 3/9
   768 | D:1      | Learned a level 3 spell: Dazzling Spray
  1729 | D:2      | Found a burning altar of Makhleb.
  1762 | D:2      | Reached XP level 4. HP: 28/33 MP: 4/11
  2200 | D:2      | Noticed Terence
  2225 | D:2      | Killed Terence
  2846 | D:3      | Found an opulent altar of Gozag.
  2875 | D:3      | Found a blossoming altar of Fedhas.
  2885 | D:3      | Noticed Juudaz's ghost (weakling GrMo)
  2896 | D:3      | Killed Juudaz's ghost
  2896 | D:3      | Reached XP level 5. HP: 11/38 MP: 3/13
  3319 | D:3      | Reached skill level 5 in Conjurations
  3966 | D:4      | Learned a level 4 spell: Iskenderun's Mystic Blast
  4016 | D:4      | Found a glowing golden altar of the Shining One.
  4099 | D:4      | Reached XP level 6. HP: 45/45 MP: 8/15
  4356 | D:4      | Noticed Menkaure
  4376 | D:4      | Killed Menkaure
  4535 | D:4      | Found a shadowy altar of Dithmenos.
  4733 | D:4      | Reached skill level 6 in Conjurations
  4989 | D:5      | Entered Level 5 of the Dungeon
  4999 | D:4      | Reached skill level 5 in Spellcasting
  4999 | D:4      | Reached XP level 7. HP: 50/50 MP: 10/18
  5525 | D:5      | Found an iron altar of Okawaru.
  5850 | D:5      | Reached skill level 7 in Conjurations
  6049 | D:5      | Found a hazy altar of Hepliaklqana.
  6167 | D:5      | Reached XP level 8. HP: 42/57 MP: 11/20
  7355 | D:6      | Reached skill level 8 in Conjurations
  7708 | D:6      | Learned a level 3 spell: Regeneration
  8322 | D:7      | Found Zin's Purification Station.
  8323 | D:7      | Found a glowing silver altar of Zin.
  8538 | D:7      | Found a snail-covered altar of Cheibriados.
  8922 | D:7      | Reached XP level 9. HP: 62/62 MP: 9/24
  9090 | D:7      | Found a shimmering altar of Xom.
  9126 | D:7      | Found a staircase to the Ecumenical Temple.
  9565 | D:7      | Reached skill level 9 in Conjurations
  9960 | D:8      | Noticed Psyche
 10204 | D:8      | Noticed Maurice
 10316 | D:8      | Killed Maurice
 10319 | D:8      | Got an iridescent war axe {protect}
 10320 | D:8      | Identified the +9 war axe of Teilu {protect, Str-3 Dex+5 Stlth+} (You took it off a centaur on level 8 of the Dungeon)
 10566 | D:8      | Found a hide-covered altar of Uskayaw.
 10637 | D:8      | Noticed Erica
 10727 | D:8      | Killed Erica
 10727 | D:8      | Reached skill level 10 in Conjurations
 11046 | D:8      | Found Baisibb's Antique Armour Shoppe.
 11235 | D:9      | Reached XP level 10. HP: 70/70 MP: 14/27
 11237 | D:9      | Reached skill level 1 in Fighting
 11237 | D:9      | Reached skill level 1 in Axes
 11553 | D:9      | Found Ciummud's Distillery.
 11564 | D:9      | Bought a potion of mutation for 37 gold pieces
 11575 | D:9      | Found Coidiffe's Antique Weapon Shoppe.
 11603 | D:9      | Found Ceex's Armour Shop.
 11692 | D:9      | Bought a +1 cloak of poison resistance for 162 gold pieces
 12163 | D:9      | Found a staircase to the Lair.
 12196 | D:9      | Found Durgh's General Store.
 12217 | D:9      | Bought a +0 buckler for 58 gold pieces
 12227 | D:9      | Found Cunwir's Food Shop.
 12386 | D:9      | Reached skill level 1 in Shields
 12832 | D:9      | Found a faded altar of an unknown god.
 12832 | D:9      | Found a faded altar of an unknown god.
 12837 | D:9      | Found a shattered altar of Ashenzari.
 12839 | D:9      | Found a faded altar of an unknown god.
 12840 | D:9      | Found a faded altar of an unknown god.
 12889 | D:10     | Entered Level 10 of the Dungeon
 12892 | D:10     | Killed Psyche
 13261 | D:10     | Killed an unseen horror
 13510 | D:10     | Reached XP level 11. HP: 85/85 MP: 19/28
 13739 | D:10     | Reached skill level 5 in Dodging
 14103 | D:10     | Reached skill level 5 in Fighting
 14236 | D:10     | Found a staircase to the Orcish Mines.
 14458 | D:10     | Reached skill level 5 in Axes
 14504 | D:10     | Found Hoixzu's Magic Scroll Shoppe.
 14687 | D:10     | Noticed a yaktaur captain
 15486 | D:9      | Killed a yaktaur captain
 15905 | D:11     | Learned a level 1 spell: Apportation
 16485 | D:11     | Identified a scroll of acquirement
 16488 | D:11     | Got a pair of encrusted boots
 16499 | D:11     | Identified the +0 pair of boots of the Equinox {rC+ Int-5 Dex+8} (You acquired it on level 11 of the Dungeon)
 17719 | D:13     | Reached skill level 5 in Shields
 17728 | D:13     | Got a distressingly furry robe
 17729 | D:13     | Identified the cursed +1 robe of Petac {rF+ rC++ Str+3 Dex-5} (You found it on level 13 of the Dungeon)
 18223 | D:12     | Reached XP level 12. HP: 55/97 MP: 22/29
 19204 | D:13     | Noticed a death knight
 19669 | Orc:1    | Entered Level 1 of the Orcish Mines
 19866 | Orc:1    | Noticed an orc warlord
 19965 | Orc:1    | Slain by an orc warrior

Skill      XL: |  1  2  3  4  5  6  7  8  9 10 11 12 |
---------------+-------------------------------------+-----
Spellcasting   | 2 3 4 5 6 7 9 |  9.1
Conjurations   | 4 5 6 7 8 10 | 10.3
Dodging        | 2 4 6 7 |  7.5
Fighting       | 4 6 7 |  7.3
Axes           | 4 6 7 |  7.4
Shields        | 2 5 6 |  6.0
Stealth        | |  1.7

Action                   |  1- 3 |  4- 6 |  7- 9 | 10-12 || total
-------------------------+-------+-------+-------+-------++-------
Melee: Dagger            |     2 |       |    12 |       ||    14
       Flail             |       |    12 |       |       ||    12
       Whip              |       |       |    39 |       ||    39
       War axe           |       |       |     8 |   432 ||   440
 Cast: Magic Dart        |    96 |   129 |   198 |     8 ||   431
       Searing Ray       |     1 |    12 |     6 |       ||    19
       Dazzling Spray    |       |     4 |       |     1 ||     5
       Iskenderun's Myst |       |       |    94 |   203 ||   297
       Regeneration      |       |       |       |     2 ||     2
Evoke: Wand              |       |       |       |     4 ||     4
  Use: Scroll            |     1 |     7 |     8 |     9 ||    25
       Potion            |       |    10 |     3 |     7 ||    20
 Stab: Distracted        |       |       |     1 |     1 ||     2
       Sleeping          |       |       |       |    10 ||    10
  Eat: Chunk             |     2 |     9 |    19 |    17 ||    47
       Pizza             |       |     1 |       |       ||     1
       Fruit             |       |       |     3 |    14 ||    17
Armor: Robe              |     5 |     9 |    27 |   119 ||   160
       Troll leather arm |       |       |       |    35 ||    35
Dodge: Dodged            |    11 |    35 |   115 |   393 ||   554
Block: Buckler           |       |       |       |   140 ||   140
